 Dungeon Crawl Stone Soup version 0.16-a0-702-gf4f471d (webtiles) character file.

712 Foahim the Ducker (level 7, -4/60 HPs)
             Began as a White Draconian Fighter on Sept 20, 2014.
             Slain by runewalsh's ghost (8 damage)
             ... on Level 4 of the Dungeon.
             The game lasted 00:18:19 (2855 turns).

Foahim the Ducker (White Draconian Fighter)         Turns: 2855, Time: 00:18:19

HP  -4/60        AC  8     Str 21      XL: 7   Next: 41%
MP   7/7         EV 11     Int 11      God:
Gold 190         SH  9     Dex 10      Spells:  0 memorised,  6 levels left

rFire  . . .     SeeInvis .     a - +0 long sword
rCold  + . .     Clarity  .     (armour unavailable)
rNeg   . . .     rCorr    .     c - +0 shield
rPois  .         rRot     .     (helmet restricted)
rElec  .         Spirit   .     (no cloak)
SustAb .         Warding  .     b - +0 pair of gloves
rMut   .         Stasis   .     d - +0 pair of boots
Gourm  .                        (no amulet)
MR     .....                    (no ring)
                                j - +3 ring of intelligence

@: short of breath, not resistant to hostile enchantments, very unstealthy
A: breathe frost, unfitting armour, cold resistance 1, cold-blooded, AC +6
a: Breathe Frost


You were on level 4 of the Dungeon.
You were not hungry.

You visited 1 branch of the dungeon, and saw 5 of its levels.

You collected 190 gold pieces.

Inventory:

Hand weapons
 a - a +0 long sword (weapon)
 t - a cursed -2 dagger
Missiles
 p - 5 javelins of penetration (quivered)
Armour
 b - a +0 pair of gloves (worn)
 c - a +0 shield (worn)
 d - a +0 pair of boots (worn)
Comestibles
 f - a bread ration
 i - 2 meat rations
 o - 8 fruits
 q - 2 royal jellies
Scrolls
 e - a scroll of magic mapping {unknown}
 h - 3 scrolls of identify
 l - a scroll of blinking {unknown}
 v - a scroll of recharging {unknown}
Jewellery
 j - a +3 ring of intelligence (left hand)
Potions
 g - a potion of degeneration {unknown}
 k - a potion of curing {unknown}
 m - a potion of cancellation {unknown}
 n - a potion of restore abilities
 r - a potion of invisibility {unknown}
 s - a potion of agility {unknown}
 u - a potion of brilliance {unknown}


   Skills:
 + Level 4.5 Fighting
 + Level 3.5 Long Blades
 + Level 2.5 Throwing
 + Level 5.3 Dodging
 + Level 0.4 Stealth
 + Level 4.8 Shields


You had 6 spell levels left.
You didn't know any spells.

Dungeon Overview and Level Annotations

Branches:
Dungeon (5/15)
 Temple: D:4-7

Altars:
Ashenzari
Fedhas

Annotations:
D:4 runewalsh's ghost, average TrWz


Innate Abilities, Weirdness & Mutations

You can breathe waves of freezing cold.
You can buffet flying creatures when you breathe cold.
Your icy white scales are hard (AC +6).
Your body does not fit into most forms of armour.
Your flesh is cold resistant.
Your cold-blooded metabolism reacts poorly to cold.


Message History

The freezing breath hits runewalsh's ghost.
Runewalsh's ghost is almost destroyed.
Runewalsh's ghost is blown backwards by the freezing wind.
You feel somewhat more hungry.
You barely miss runewalsh's ghost.
Runewalsh's ghost is almost destroyed.
Runewalsh's ghost misses you.
You hit runewalsh's ghost but do no damage.
Runewalsh's ghost is almost destroyed.
Runewalsh's ghost gestures at you while chanting.
The magic dart hits you!
You barely miss runewalsh's ghost.
Runewalsh's ghost is almost destroyed.
Runewalsh's ghost wails, "You must not fail where I succeeded!"
Runewalsh's ghost hits you! x2
* * * LOW HITPOINT WARNING * * *
You hit runewalsh's ghost.
Runewalsh's ghost is almost destroyed.
Runewalsh's ghost hits you!
You die...

# #...... ##
##......[ .###
##.......##
...#####.........#
#...##...........##
###...............#
##..W.%.........##
#........##.....#
#%##.....##.W@..###
#..###............#.#
#.## ##.............#
#. ##...........###
.. ###............#
#.. ##..............#
.. .................#
..................###
.....
#####..........#


You could see runewalsh's ghost.

Vanquished Creatures
  Grinder (D:3)
  An ogre (D:4)
  A scorpion (D:4)
  A hound (D:5)
  2 iguanas (D:4)
  3 worker ants (D:4)
  An orc wizard (D:3)
  A hound skeleton (D:4)
  An orc skeleton (D:4)
  5 adders
  A giant mite (D:1)
  5 worms
  A giant gecko (D:4)
  5 orcs
  A ball python (D:1)
  6 giant cockroaches
  10 goblins
  7 hobgoblins
  2 jackals (D:3)
  10 bats
  9 giant newts
  A hobgoblin skeleton (D:4)
  4 kobolds
  A kobold skeleton (D:4)
  5 quokkas
  13 rats
98 creatures vanquished.

Notes
Turn   | Place    | Note
--------------------------------------------------------------
     0 | D:1      | Foahim, the Draconian Fighter, began the quest for the Orb.
     0 | D:1      | Reached XP level 1. HP: 19/19 MP: 1/1
   162 | D:1      | Reached XP level 2. HP: 16/26 MP: 2/2
   667 | D:2      | Reached XP level 3. HP: 29/31 MP: 3/3
   917 | D:2      | Found a blossoming altar of Fedhas.
  1499 | D:2      | Reached XP level 4. HP: 32/40 MP: 4/4
  1653 | D:3      | Noticed Grinder
  1662 | D:3      | Killed Grinder
  1662 | D:3      | Reached skill level 4 in Fighting
  1662 | D:3      | Reached skill level 1 in Throwing
  1662 | D:3      | Reached XP level 5. HP: 46/46 MP: 5/5
  1662 | D:3      | Reached XP level 6. HP: 52/52 MP: 6/6
  1853 | D:3      | HP: 2/52 [orc/falchion (5)]
  2195 | D:4      | Got a heavily runed ring mail
  2196 | D:4      | Identified the +4 ring mail of Defiance {rN+} (You found it on level 4 of the Dungeon)
  2261 | D:4      | Noticed runewalsh's ghost (average TrWz)
  2289 | D:4      | Found a shattered altar of Ashenzari.
  2407 | D:4      | Your scales start taking on an icy white colour.
  2407 | D:4      | Gained mutation: Your flesh is cold resistant. [draconian maturity]
  2407 | D:4      | Reached XP level 7. HP: 44/60 MP: 7/7
  2579 | D:4      | You fall through a shaft!
  2579 | D:5      | Entered Level 5 of the Dungeon
  2716 | D:4      | Reached skill level 5 in Dodging
  2854 | D:4      | HP: 3/60 [runewalsh's ghost (16)]
  2855 | D:4      | Slain by runewalsh's ghost

Action                   |  1- 3 |  4- 6 |  7- 9 || total
-------------------------+-------+-------+-------++-------
Melee: Long sword        |   107 |   126 |    69 ||   302
Throw: Javelin           |    24 |    34 |       ||    58
 Abil: Breathe Frost     |       |       |     6 ||     6
  Use: Scroll            |     1 |     1 |       ||     2
       Potion            |     1 |     1 |       ||     2
  Eat: Bread ration      |     1 |     1 |       ||     2
